 Dungeon Crawl Stone Soup version 0.30-a0-1085-g990a428a5c (webtiles) character file.

Game seed: 16449948127166409016

1015 CryoSword the Grave Robber (level 8, -5/87 HPs)
             Began as a Vampire Necromancer on Apr 15, 2023.
             Slain by a vampire mosquito (7 damage)
             ... on level 6 of the Dungeon on Apr 16, 2023.
             The game lasted 00:09:46 (5389 turns).

CryoSword the Grave Robber (Vampire Necromancer)    Turns: 5389, Time: 00:09:47

Health: -5/87      AC:  3    Str:  7    XL:     8   Next: 1%
Magic:  12/12      EV: 12    Int: 19    God:
Gold:   166        SH:  0    Dex: 15    Spells: 4/12 levels left

rFire   . . .      SeeInvis +    w - +0 rapier
rCold   . . .      Faith    .    (no shield)
rNeg    . . .      Spirit   .    a - +0 robe
rPois   .          Reflect  .    (no helmet)
rElec   .          Rampage  .    m - +0 cloak
rCorr   .                        (no gloves)
Will    +....                    (no boots) Stlth
                                 (no amulet)
HPRegen 0.54/turn                p - ring of willpower
MPRegen 0.13/turn                (no ring)

@: berserking, healing quickly, studying Maces & Flails, very quick
A: alive, fangs 3, see invisible, vampiric 2
a: Exsanguinate


You were on level 6 of the Dungeon.
You visited 1 branch of the dungeon, and saw 6 of its levels.

You collected 269 gold pieces.
You spent 103 gold pieces at shops.

Inventory:

Hand Weapons
 w - a +0 rapier (weapon)
   (You found it on level 1 of the Dungeon)
Missiles
 t - 2 poisoned darts (quivered)
Armour
 a - a +0 robe (worn)
 i - a +2 ring mail of fire resistance
   (You found it on level 1 of the Dungeon)
 m - a +0 cloak (worn)
   (You found it on level 3 of the Dungeon)
Jewellery
 p - a ring of willpower (left hand)
   (You found it on level 3 of the Dungeon)
Wands
 c - a wand of digging (3)
   (You found it on level 3 of the Dungeon)
Scrolls
 d - 2 scrolls of fog {unknown}
 f - a scroll of torment {unknown}
 h - 3 scrolls of teleportation {@r4}
 j - a scroll of enchant armour {unknown}
 l - 2 scrolls of enchant weapon
 n - a scroll of silence {unknown}
 u - a scroll of vulnerability {unknown}
 v - a scroll of fear {unknown}
Potions
 b - 2 potions of magic
 e - 2 potions of lignification {unknown}
 g - 2 potions of brilliance
 k - 2 potions of attraction {unknown}
 o - a potion of berserk rage
 q - 5 potions of curing {@q1}
 r - 3 potions of flight
 s - a potion of heal wounds {unknown}
 x - 2 potions of resistance {unknown}


   Skills:
 + Level 3.2 Fighting
 * Level 4.1 Short Blades
 - Level 2.1 Dodging
 + Level 6.6 Stealth
 + Level 2.9 Spellcasting
 * Level 7.8 Necromancy


You had 4 spell levels left.
You knew the following spells:

 Your Spells              Type           Power      Damage    Failure   Level
a - Necrotise             Necr           100%       1d9       1%          1
b - Vampiric Draining     Necr           32%        2d8       1%          3
z - Animate Dead          Necr           32%        N/A       6%          4

Your spell library contained the following spells:

 Spells                   Type           Power      Damage    Failure   Level
 Blink                    Tloc           4%         N/A       24%         2
 Lesser Beckoning         Tloc           4%         N/A       24%         2
 Momentum Strike          Conj/Tloc      4%         3d8       24%         2
 Leda's Liquefaction      Hex/Erth       1%         N/A       83%         4
 Agony                    Necr           32%        N/A       17%         5
 Lee's Rapid Deconstruct  Erth           1%         3d4*      99%         5
 Statue Form              Tmut/Erth      1%         N/A       100%        6


Dungeon Overview and Level Annotations

Branches:
Dungeon (6/15)
 Temple: D:4-7

Altars:
Dithmenos
Sif Muna

Shops:
D:2 *   D:3 ??


Innate Abilities, Weirdness & Mutations

Your natural rate of healing is accelerated.
You have razor-sharp teeth.
You have supernaturally acute eyesight. (SInv)
You are afflicted with vampirism and can become a bat while bloodless.


Message History

Key pressed, stopping explore.
You see here a +0 whip.
x - 2 bubbling puce potions You swap places.
You swap places.
You enter the shallow water.
Moving in this stuff is going to be slow.
Done exploring.
Done exploring.
Done exploring.
Done exploring.
Done exploring.
You see here 3 stones.
There is an open door here.
There is a stone staircase leading down here.
Saving game... please wait.
Welcome back, CryoSword the Vampire Necromancer.
You climb downwards.
Found a manual of Maces & Flails.
There is a stone staircase leading up here.
Aim: a jelly (asleep, chance to affect: 88%)
The jelly quivers.
The jelly writhes in agony.
Aim: a jelly (moderately wounded, chance to affect: 88%)
The jelly writhes in agony.
Aim: a jelly (severely wounded, chance to affect: 88%)
The jelly writhes in agony!
You kill the jelly!
You have reached level 8!
A purple ugly thing comes into view.
Item here: a manual of Maces & Flails.
The floor.
There is a stone staircase leading up here.
A sky beast and a kobold brigand come into view.
The kobold brigand is wielding a +0 dagger and quivering poisoned darts.
You see here a manual of Maces & Flails {!d}.
You pick up a manual of Maces & Flails {!d} and begin studying.
The purple ugly thing gurgles horribly!
You hear a shout!
An orc warrior comes into view. It is wielding a +0 glaive.
The kobold brigand throws a poisoned dart.
The poisoned dart hits you!
You are poisoned.
You feel sick.
The orc warrior shouts!
You feel sick.
A shadow imp comes into view.
You feel sick.
There is a stone staircase leading up here.
You feel sick.
You climb upwards.
You feel sick.
There is a stone staircase leading down here.
You feel sick.
You feel sick.
You are no longer poisoned.
There is an open door here.
There is a stone staircase leading down here.
Adjust to which letter? (? for menu, Esc to quit)
w - a +0 rapier (weapon);
e - 2 inky potions Setting a skill training target for Short Blades at 14.0.
You climb downwards.
Found a mace.
Found an escape hatch in the ceiling.
There is a stone staircase leading up here.
There is an escape hatch in the ceiling here.
Found a scroll of identify.
You see here a +0 mace.
y - a scroll of identify {@r1}
As you read the scroll of identify {@r1}, it crumbles to dust.
g - 2 potions of brilliance You open the door.
A shadow imp comes into view.
Found a shadowy altar of Dithmenos.
The shadow imp shouts!
There is an open door here.
You completely miss the shadow imp. The shadow imp hits you.
You puncture the shadow imp! The shadow imp closely misses you.
You closely miss the shadow imp.
You bite the shadow imp, but do no damage.
The shadow imp misses you.
You hit the shadow imp. The shadow imp gestures at you.
Pain shoots through your body!
You hit the shadow imp.
You kill the shadow imp!
There is a shadowy altar of Dithmenos here.
There is an open door here.
A vampire mosquito comes into view.
The vampire mosquito moves out of view.
The vampire mosquito buzzes angrily.
The vampire mosquito misses you.
You closely miss the vampire mosquito. Your bite misses the vampire mosquito.
The vampire mosquito closely misses you.
The vampire mosquito barely misses you.
You closely miss the vampire mosquito. The vampire mosquito bites you!
The vampire mosquito draws strength from your injuries!
The vampire mosquito misses you.
You miss the vampire mosquito.
The vampire mosquito closely misses you.
The vampire mosquito bites you but does no damage.
You can't see any susceptible monsters within range! (Use Z to cast anyway.) Unknown command.
You barely miss the vampire mosquito. The vampire mosquito bites you.
The vampire mosquito draws strength from your injuries!
The vampire mosquito barely misses you.
You barely miss the vampire mosquito. The vampire mosquito bites you.
The vampire mosquito draws strength from your injuries!
You hit the vampire mosquito.
The vampire mosquito barely misses you. x2
You closely miss the vampire mosquito. Your bite misses the vampire mosquito.
The vampire mosquito bites you!
The vampire mosquito draws strength from your injuries!
The vampire mosquito closely misses you.
You hit the vampire mosquito. The vampire mosquito bites you.
* * * LOW HITPOINT WARNING * * *
The vampire mosquito draws strength from your injuries!
The vampire mosquito closely misses you.
The vampire mosquito attacks as you move away!
The vampire mosquito bites you but does no damage.
The vampire mosquito misses you. The vampire mosquito barely misses you.
The vampire mosquito bites you.
* * * LOW HITPOINT WARNING * * *
The vampire mosquito draws strength from your injuries!
The vampire mosquito barely misses you.
You see here a +0 mace.
The vampire mosquito attacks as you move away!
The vampire mosquito bites you.
* * * LOW HITPOINT WARNING * * *
The vampire mosquito draws strength from your injuries!
The vampire mosquito bites you!
* * * LOW HITPOINT WARNING * * *
The vampire mosquito draws strength from your injuries!
A red film seems to cover your vision as you go berserk!
You feel yourself moving faster!
You feel mighty! The vampire mosquito misses you.
The vampire mosquito barely misses you.
You puncture the vampire mosquito! The vampire mosquito barely misses you.
You completely miss the vampire mosquito.
Your bite misses the vampire mosquito. The vampire mosquito bites you.
* * * LOW HITPOINT WARNING * * *
The vampire mosquito draws strength from your injuries!
You closely miss the vampire mosquito.
The vampire mosquito closely misses you. x2
You miss the vampire mosquito. The vampire mosquito bites you!
* * * LOW HITPOINT WARNING * * *
The vampire mosquito draws strength from your injuries!
You hit the vampire mosquito. You bite the vampire mosquito.
The vampire mosquito bites you.
* * * LOW HITPOINT WARNING * * *
The vampire mosquito draws strength from your injuries!
You puncture the vampire mosquito! The vampire mosquito barely misses you.
You hit the vampire mosquito. The vampire mosquito bites you!
You die...

#.###### #......#
#.####.#
#...###########
#.#.y@...<<...# .
##'###########.....
.#. #...# ... #..
#...# . .. #._.# #
#####


You could see a vampire mosquito.

Vanquished Creatures
  Sigmund (D:2)
  A water moccasin (D:5)
  A black bear (D:4)
  3 howler monkeys
  3 jellies
  An orc priest (D:3)
  2 iguanas
  2 orc wizards
  7 gnolls
  4 adders
  A shadow imp (D:6)
  An ufetubus (D:5)
  3 worms
  3 dart slugs
  7 orcs
  10 endoplasms
  2 giant cockroaches
  12 goblins
  5 hobgoblins
  4 jackals
  8 kobolds
  5 quokkas
  8 ball pythons
  5 bats
  5 frilled lizards
  4 rats
108 creatures vanquished.

Vanquished Creatures (collateral kills)
  A jelly (D:5)
  A gnoll bouda (D:5)
  2 gnolls (D:5)
  2 orcs
  2 hobgoblins (D:1)
  A kobold (D:1)
9 creatures vanquished.

Vanquished Creatures (others)
  A fungus (D:5)
1 creature vanquished.

Grand Total: 118 creatures vanquished

Notes
Turn   | Place    | Note
-------+----------+-------------------------------------------
     0 | D:1      | CryoSword the Vampire Necromancer began the quest for the
                  | Orb.
     0 | D:1      | Reached XP level 1. HP: 13/13 MP: 3/3
   197 | D:1      | Reached XP level 2. HP: 19/19 MP: 1/5
   246 | D:1      | Reached skill level 5 in Necromancy
   579 | D:1      | Gained mutation: You are afflicted with vampirism and can
                  | become a bat while bloodless. [Vampire growth]
   579 | D:1      | Reached XP level 3. HP: 18/25 MP: 2/6
   658 | D:1      | Learned a level 3 spell: Vampiric Draining
  1144 | D:2      | Reached skill level 1 in Short Blades
  1189 | D:2      | Found a faded altar of an unknown god.
  1726 | D:2      | Reached XP level 4. HP: 31/31 MP: 5/7
  1772 | D:2      | Noticed Sigmund
  1860 | D:2      | Reached skill level 1 in Fighting
  2022 | D:3      | Reached skill level 6 in Necromancy
  2022 | D:3      | Reached XP level 5. HP: 24/37 MP: 0/8
  2095 | D:2      | Learned a level 4 spell: Animate Dead
  2217 | D:3      | Found Hyjuk's Magic Scroll Emporium.
  2310 | D:3      | Bought a scroll of identify for 20 gold pieces
  2310 | D:3      | Bought a scroll of noise for 10 gold pieces
  2310 | D:3      | Bought a scroll of identify for 20 gold pieces
  2310 | D:3      | Bought a scroll of identify for 20 gold pieces
  2621 | D:3      | Found Feerei Ituif's Magic Scroll Shop.
  2890 | D:3      | Bought a scroll of teleportation for 33 gold pieces
  3066 | D:4      | Reached XP level 6. HP: 44/44 MP: 9/9
  3098 | D:3      | Reached skill level 5 in Stealth
  3852 | D:3      | Found a shimmering blue altar of Sif Muna.
  3938 | D:2      | Found Vosifeu's General Store.
  3951 | D:2      | Killed Sigmund
  3952 | D:2      | Reached skill level 7 in Necromancy
  3952 | D:2      | Reached XP level 7. HP: 37/51 MP: 2/10
  4053 | D:5      | Entered Level 5 of the Dungeon
  5285 | D:5      | Upgraded the game from 0.30-a0-1082-g70414cbcbb to
                  | 0.30-a0-1085-g990a428a5c
  5292 | D:6      | Reached XP level 8. HP: 58/58 MP: 8/12
  5293 | D:6      | Noticed a purple ugly thing
  5350 | D:6      | Found a shadowy altar of Dithmenos.
  5387 | D:6      | HP: 1/87 [vampire mosquito (6)]
  5389 | D:6      | Slain by a vampire mosquito

Illustrated notes

Levels and vault maps discovered:
D:1:      wander_arrival_abandoned_jail, layout_rooms, hex_tiny,
          nrook_mini_vaults
D:2:      layout_loops_ring, serial_shops, nicolae_square_shop,
          shapermc_ecumenical_altar_mp_highgroup, uniq_sigmund
D:3:      layout_rooms, nicolae_overflow_hidden_temple, serial_shops, shop,
          nicolae_shop_advertising_works [nicolae_subvault_shop_adworks]
D:4:      layout_rooms
D:5:      minmay_diamond_boxcup, layout_basic, serial_bayou_pond_d,
          dreamdust_mushroom_princess, nicolae_concentric_dashed_squares_wild
D:6:      layout_loops_ring, lemuel_round_altar, grunt_dithmenos_shadows,
          kennysheep_diamond, minmay_manual_mail, uniq_edmund

Skill      XL: |  1  2  3  4  5  6  7 |
---------------+----------------------+-----
Necromancy     | 5 6 7 |  7.8
Short Blades   | 1 2 3 4 |  4.1
Fighting       | 1 2 3 |  3.2
Stealth        | 4 5 6 |  6.6
Dodging        | |  2.1
Spellcasting   | |  2.9

Action                     |  1- 3 |  4- 6 |  7- 9 || total
---------------------------+-------+-------+-------++-------
  Melee: Rapier            |    24 |    54 |    42 ||   120
         Bite              |       |     4 |     4 ||     8
         Punch             |       |     1 |       ||     1
   Cast: Necrotise         |    71 |    96 |    36 ||   203
         Vampiric Draining |       |     7 |     6 ||    13
         Animate Dead      |       |       |     1 ||     1
    Use: Scroll            |       |     5 |     1 ||     6
         Potion            |       |       |     1 ||     1
   Stab: Sleeping          |     3 |     7 |       ||    10
 Armour: Robe              |     8 |    25 |     6 ||    39
  Dodge: Dodged            |    29 |    86 |    49 ||   164

Table legend: (Time is in decaauts)
 A = Elapsed time spent in this place.
 B = Non-inter-level travel time spent in this place.
 C = Inter-level travel time spent in this place.
 D = Time resting spent in this place.
 E = Time spent auto-exploring this place.
 F = Levels seen in this place.
 G = Mean time per level.
                   A        B        C        D        E       F      G
               +--------+--------+--------+--------+--------+-----+--------+
         Total |   5408 |   5054 |    354 |    545 |   3562 |   6 |  901.3 |
       Dungeon |   5408 |   5054 |    354 |    545 |   3562 |   6 |  901.3 |
               +--------+--------+--------+--------+--------+-----+--------+

Top non-repeatable levels by time:
     D:2: 1338 daAuts
     D:5: 1217 daAuts
     D:3: 1142 daAuts
     D:1: 922 daAuts
     D:4: 709 daAuts
     D:6: 78 daAuts
